 Dungeon Crawl Stone Soup version 0.30-a0-457-g4b7bca3bfa (webtiles) character file.

Game seed: 17457486014548196911

40 M4edhros the Poker (level 3, -1/26 HPs)
             Began as an Octopode Chaos Knight on Dec 13, 2022.
             Was a Plaything of Xom.
             Slain by a phantom (6 damage)
             ... on level 5 of the Dungeon.
             The game lasted 00:02:50 (507 turns).

M4edhros the Poker (Octopode Chaos Knight)           Turns: 507, Time: 00:02:50

Health: -1/26      AC:  1    Str: 11    XL:     3   Next: 50%
Magic:  3/3        EV: 13    Int: 14    God:    Xom [.....*]
Gold:   99         SH:  0    Dex: 13    Spells: 2/2 levels left

rFire   . . .      SeeInvis .    a - +0 spear (chaos)
rCold   . . .      Faith    .    (no shield)
rNeg    . . .      Spirit   .    (helmet restricted)
rPois   .          Reflect  .    (no amulet)
rElec   .          Harm     .    (no ring)
rCorr   .          Rampage  .    (no ring)
Will    .....                    (no ring)
Stlth   ++........               (no ring)
HPRegen 0.24/turn                (no ring)
MPRegen 0.08/turn                (no ring)
                                 (no ring)
                                 (no ring)

@: mighty
A: almost no armour, amphibious, 8 rings, camouflage 1, gelatinous body 1,
(nimble swimmer 1), tentacles
a: Renounce Religion


You were on level 5 of the Dungeon.
You worshipped Xom.
You were Xom's teddy bear.
You visited 1 branch of the dungeon, and saw 5 of its levels.

You collected 99 gold pieces.

Inventory:

Hand Weapons
 a - a +0 spear of chaos (weapon)
 d - a +2 dagger of protection
Missiles
 f - 5 poisoned darts
 g - 2 boomerangs
Wands
 e - a wand of mindburst (6)
Scrolls
 c - 2 scrolls of fear
Miscellaneous
 b - a piece from Xom's chessboard (14/15) (quivered)


   Skills:
 - Level 3.0 Fighting
 * Level 4.0 Polearms
 + Level 2.9 Dodging


You had 2 spell levels left.
You didn't know any spells.
Your spell library was empty.

Dungeon Overview and Level Annotations

Branches:
Dungeon (5/15)
 Temple: D:4-7

Altars:


Innate Abilities, Weirdness & Mutations

You cannot wear most types of armour.
You are amphibious.
You can wear up to eight rings at the same time.
Your skin changes colour to match your surroundings (Stealth+).
Your rubbery body absorbs attacks. (AC +1, EV +1)
((You are camouflaged when in or above water. (Stealth+)))
You have tentacles for arms and can constrict up to eight enemies at once.


Message History

You feel very mighty all of a sudden.
You make a move on Xom's chessboard...
The phantom seems to grow stronger.
The phantom attacks as you move away! The phantom completely misses you.
An adder comes into view.
Xom smiles on you.
You feel much better.
An adder comes into view.
The phantom attacks as you move away! The phantom hits you.
The phantom attacks as you move away! The phantom hits you!
You emit a cloud of colourful smoke!
The phantom attacks as you move away!
The phantom hits you but does no damage.
You see here a +0 dagger.
The phantom attacks as you move away! The phantom hits you.
The phantom attacks as you move away! The phantom misses you.
You see here a +0 mace.
You see here a wand of mindburst (6).
e - a wand of mindburst (6) Xom's power almost touches on you for a moment.
You do an impromptu tapdance.
You are now Xom's teddy bear.
The phantom hits you!
* * * LOW HITPOINT WARNING * * *
A shower of butterflies erupts from you!
You emit a cloud of colourful smoke!
Unknown command.
Unknown command.
Unknown command.
Unknown command.
Unknown command.
You aren't carrying any potions.
You can't see any enemies this would affect, really read the scroll of fear?
Okay, then.
Unknown command.
Unknown command.
The phantom barely misses you. The phantom attacks as you move away!
The phantom completely misses you. The phantom attacks as you move away!
The phantom hits you.
You die...
Xom snickers!

#.###.#.#<#.#
#.......###.#
#.......)...#
#§§b....#####
#.§b)b..#
#..§.>..#
#.......#
#.W.....#
#.@.....#
#.......#
#.......#
#####.### .#
#


You could see a phantom (strong, ally target).

Vanquished Creatures
  An adder (D:4)
  A worm (D:3)
  3 orcs (D:3)
  8 ball pythons
  A giant cockroach (D:2)
  2 hobgoblins
  4 quokkas
  A frilled lizard (D:3)
  4 kobolds
25 creatures vanquished.

Notes
Turn   | Place    | Note
-------+----------+-------------------------------------------
     0 | D:1      | M4edhros the Octopode Chaos Knight began the quest for the
                  | Orb.
     0 | D:1      | Reached XP level 1. HP: 16/16 MP: 1/1
    44 | D:3      | XOM: noise
   116 | D:3      | XOM: silly message
   132 | D:3      | Reached XP level 2. HP: 15/21 MP: 2/2
   335 | D:3      | XOM: smoke on damage
   370 | D:3      | Reached XP level 3. HP: 6/26 MP: 3/3
   456 | D:4      | Reached skill level 4 in Polearms
   474 | D:5      | Entered Level 5 of the Dungeon
   476 | D:5      | Noticed a phantom
   480 | D:5      | XOM: potion effect (might)
   488 | D:5      | XOM: potion effect (heal wounds)
   491 | D:5      | XOM: smoke on damage
   502 | D:5      | XOM: silly message
   502 | D:5      | XOM: butterfly on damage
   502 | D:5      | XOM: smoke on damage
   507 | D:5      | Slain by a phantom

Illustrated notes

Levels and vault maps discovered:
D:1:      dpeg_arrival_line_fractal, layout_basic
D:2:      layout_loops_ring
D:3:      layout_loops_corners
D:4:      layout_layer_cave, minmay_temple_entry_glassed_door
D:5:      layout_basic, portal_sewer_entry_e

Skill      XL: |  1  2  3 |
---------------+----------+-----
Polearms       | 4 |  4.0
Fighting       | |  3.0
Dodging        | |  2.9

Action                   || total
-------------------------++-------
Melee: Spear             ||    54
       Constrict         ||    13
       Tentacles         ||     8
       Punch             ||     1
Evoke: Piece from Xom's  ||     1
  Use: Scroll            ||     5
 Stab: Sleeping          ||     8
Armor: Skin              ||     3
Dodge: Dodged            ||    21

Table legend: (Time is in decaauts)
 A = Elapsed time spent in this place.
 B = Non-inter-level travel time spent in this place.
 C = Inter-level travel time spent in this place.
 D = Time resting spent in this place.
 E = Time spent auto-exploring this place.
 F = Levels seen in this place.
 G = Mean time per level.
                   A        B        C        D        E       F      G
               +--------+--------+--------+--------+--------+-----+--------+
         Total |    503 |    431 |     72 |      0 |      0 |   5 |  100.6 |
       Dungeon |    503 |    431 |     72 |      0 |      0 |   5 |  100.6 |
               +--------+--------+--------+--------+--------+-----+--------+

Top non-repeatable levels by time:
     D:3: 235 daAuts
     D:2: 155 daAuts
     D:4: 64 daAuts
     D:5: 32 daAuts
     D:1: 14 daAuts
